 Dungeon Crawl Stone Soup version 0.25.1-8-g42b30a86e7 (webtiles) character file.

Game seed: 501273766545354945

544 Clowwww the Chopper (level 7, -7/61 HPs)
             Began as a Hill Orc Fighter on Dec 5, 2020.
             Mangled by an ogre
             ... wielding a +0 giant club
              (21 damage)
             ... on level 4 of the Dungeon.
             The game lasted 00:07:07 (3642 turns).

Clowwww the Chopper (Hill Orc Fighter)              Turns: 3642, Time: 00:07:07

Health: -7/61      AC:  8    Str: 21    XL:     7   Next: 27%
Magic:  7/7        EV:  8    Int:  8    God:
Gold:   64         SH:  9    Dex: 10    Spells: 6/6 levels left

rFire    . . .     SeeInvis .   a - +0 war axe
rCold    . . .     Gourm    .   c - +0 kite shield
rNeg     . . .     Faith    .   b - +0 scale mail
rPois    .         Spirit   .   (no helmet)
rElec    .         Reflect  .   (no cloak)
rCorr    .         Harm     .   g - +0 pair of gloves
MR       .....                  (no boots)
Stlth    ..........             (no amulet)
HPRegen  0.20/turn              (no ring)
MPRegen  0.10/turn              (no ring)

@: lethally poisoned (-7 -> -8)
A: no striking features
a: no special abilities


You were on level 4 of the Dungeon.
You were not hungry.

You visited 1 branch of the dungeon, and saw 4 of its levels.

You collected 64 gold pieces.

Inventory:

Hand Weapons
 a - a +0 war axe (weapon)
 d - the +4 spear "Joczot Soa" {vamp, rPois rN+ Dex+7}
   (You took it off an orc on level 3 of the Dungeon)

   It inflicts no extra harm, but heals its wielder when it wounds a living foe.
   It affects your dexterity (+7).
   It protects you from poison.
   It protects you from negative energy.
Armour
 b - a +0 scale mail (worn)
 c - a +0 kite shield (worn)
 g - a +0 pair of gloves (worn)
Jewellery
 h - a cursed amulet of faith {unknown}
 l - an uncursed ring of ice {unknown}
Wands
 j - a wand of flame (4)
Scrolls
 e - a scroll of enchant weapon {unknown}
 k - 7 scrolls of remove curse {unknown}
 m - a scroll of blinking {unknown}
 o - a scroll of identify {unknown}
 p - a scroll of immolation {unknown}
 s - a scroll of teleportation {unknown}
Potions
 i - 2 potions of heal wounds {unknown}
 n - a potion of haste
 t - a potion of brilliance {unknown}
Comestibles
 f - 5 rations


   Skills:
 + Level 5.1 Fighting
 + Level 7.0 Axes
 + Level 4.3 Armour
 + Level 1.1 Dodging
 + Level 0.8 Stealth
 + Level 4.8 Shields


You had 6 spell levels left.
You didn't know any spells.
Your spell library was empty.

Dungeon Overview and Level Annotations

Branches:
Dungeon (4/15)
 Temple: D:4-7

Altars:
Qazlal
Wu Jian
Beogh


Message History

You feel sick.
Your shield and scale mail prevent you from hitting the ogre.
You block the ogre's attack.
You hit the ogre.
The ogre is lightly wounded.
You feel sick. The ogre completely misses you.
You slash the ogre!
The ogre is moderately wounded.
The ogre barely misses you.
You hit the ogre but do no damage.
The ogre is moderately wounded.
You feel sick. The ogre hits you with a +0 giant club!
You hit the ogre but do no damage.
The ogre is moderately wounded.
The ogre hits you with a +0 giant club!!
* * * LOW HITPOINT WARNING * * *
You hit the ogre but do no damage.
The ogre is moderately wounded.
The ogre hits you with a +0 giant club!!
You die...

#......#........
#......#........
#......#........
.##+#####........
................#
#...............#
+...............#
#...............#
#.......@†......#
####+####O#######
... ..... .......
....... .......
......#


You could see an ogre.

Vanquished Creatures
  Eustachio (D:4)
  The ghost of grovkorv the Digger, an amateur DsEE (D:3)
  An orc wizard (D:3)
  An iguana (D:4)
  Jessica (D:3)
  A worker ant (D:4)
  9 adders
  2 worms (D:3)
  A dart slug (D:3)
  3 leopard geckos (D:2)
  15 orcs (D:3)
  10 bats
  A giant cockroach (D:2)
  5 goblins
  6 hobgoblins
  11 jackals
  6 kobolds
  2 quokkas (D:3)
  4 frilled lizards
  5 rats
86 creatures vanquished.

Notes
Turn   | Place    | Note
-------+----------+-------------------------------------------
     0 | D:1      | Clowwww the Hill Orc Fighter began the quest for the Orb.
     0 | D:1      | Reached XP level 1. HP: 19/19 MP: 1/1
   378 | D:1      | Reached XP level 2. HP: 27/27 MP: 2/2
   933 | D:2      | Reached skill level 3 in Axes
   968 | D:2      | Reached XP level 3. HP: 33/33 MP: 3/3
  1176 | D:2      | Reached skill level 4 in Axes
  1176 | D:2      | Reached XP level 4. HP: 31/41 MP: 4/4
  2073 | D:3      | Found a stormy altar of Qazlal.
  2091 | D:3      | Reached XP level 5. HP: 36/47 MP: 5/5
  2095 | D:3      | Noticed a water elemental
  2099 | D:3      | Noticed a fire elemental
  2099 | D:3      | Noticed an air elemental
  2261 | D:3      | Reached skill level 5 in Axes
  2585 | D:3      | Found a runed translucent gate.
  2585 | D:3      | Identified the +4 spear "Joczot Soa" {vamp, rPois rN+
                  | Dex+7}
  2585 | D:3      | Identified the +1 leather armour of a ziggurat {Harm +Inv
                  | rElec Slay-2}
  2585 | D:3      | Noticed grovkorv's ghost (amateur DsEE)
  2586 | D:3      | Found a runed translucent gate.
  2587 | D:3      | Found a runed translucent gate.
  2605 | D:3      | Killed grovkorv's ghost
  2605 | D:3      | Reached skill level 6 in Axes
  2605 | D:3      | Reached XP level 6. HP: 18/53 MP: 6/6
  2610 | D:3      | HP: 2/53 [poisoned by grovkorv's ghost]
  2617 | D:3      | Found a roughly hewn altar of Beogh.
  3052 | D:3      | Found an ornate altar of the Wu Jian Council.
  3052 | D:3      | Noticed Jessica
  3060 | D:3      | Killed Jessica
  3273 | D:4      | Noticed Eustachio
  3302 | D:4      | Killed Eustachio
  3302 | D:4      | Reached skill level 5 in Fighting
  3302 | D:4      | Reached skill level 1 in Dodging
  3302 | D:4      | Reached XP level 7. HP: 7/61 MP: 7/7
  3636 | D:4      | Reached skill level 7 in Axes
  3642 | D:4      | Mangled by an ogre

Illustrated notes

Levels and vault maps discovered:
D:1:      lightli_arrival_lavapool, layout_loops_corners, due_unseen_surprise
D:2:      layout_basic, first_ration, hangedman_decor_push
D:3:      layout_loops_ring, lemuel_coloured_pillars_altar,
          biasface_ghost_orc_armoury, hangedman_decor_opposing,
          nicolae_qazlal_style_of_elements, uniq_jessica
D:4:      layout_gridville, grunt_decor_mini_mirrors, uniq_eustachio,
          uniq_grinder, uniq_ijyb

Skill      XL: |  1  2  3  4  5  6  7 |
---------------+----------------------+-----
Axes           | 3 4 6 7 |  7.0
Fighting       | 4 5 |  5.1
Shields        | 4 |  4.8
Armour         | 4 |  4.3
Dodging        | 1 |  1.1
Stealth        | |  0.8

Action                   |  1- 3 |  4- 6 |  7- 9 || total
-------------------------+-------+-------+-------++-------
Melee: War axe           |    82 |   188 |    35 ||   305
  Use: Potion            |       |     6 |       ||     6
 Stab: Invisible         |       |     5 |       ||     5
  Eat: Chunk             |     1 |     7 |     1 ||     9
Armor: Scale mail        |    46 |    83 |    12 ||   141
Dodge: Dodged            |    33 |    77 |    14 ||   124
Block: Kite shield       |    60 |   115 |    14 ||   189
